 Dungeon Crawl Stone Soup version 0.20.1-1-g8b1a95d (webtiles) character file.

54569 drowoverlord the Fencer (level 14, -17/138 HPs)
             Began as a Minotaur Gladiator on Sept 5, 2017.
             Was the Champion of Okawaru.
             Demolished by an orc knight
             ... wielding a cursed -1 dire flail
              (36 damage)
             ... on level 2 of the Orcish Mines.
             The game lasted 01:33:54 (17444 turns).

drowoverlord the Fencer (Minotaur Gladiator)       Turns: 17444, Time: 01:33:55

Health: -17/138    AC: 30    Str: 20    XL:     14   Next: 35%
Magic:  20/20      EV:  7    Int:  7    God:    Okawaru [******]
Gold:   1981       SH:  0    Dex: 19    Spells: 13/13 levels left

rFire    + + +     SeeInvis +   s - +1 sword of Power
rCold    + . .     Gourm    .   (shield currently unavailable)
rNeg     . . .     Faith    +   H - +0 crystal plate armour
rPois    +         Spirit   .   (helmet unavailable)
rElec    .         Reflect  .   D - +2 cloak
rCorr    .         Harm     .   p - +0 pair of gloves of Nudaletzam {-Cast rPois rF+++ Dex+3}
MR       +....     NoCast   +   m - +2 pair of boots
Stlth    ..........             b - amulet of faith
Regen    0.4/turn               N - ring of protection from cold
MPRegen  0.2/turn               o - ring of see invisible

@: no status effects
A: retaliatory headbutt, horns 3, clever 1, fire resistance 1
a: Heroism, Finesse, Renounce Religion


You were on level 2 of the Orcish Mines.
You worshipped Okawaru.
Okawaru was exalted by your worship.
You were hungry.

You visited 4 branches of the dungeon, and saw 21 of its levels.
You visited the Abyss 1 time.
You also visited: Bailey.

You collected 1981 gold pieces.

Inventory:

Hand Weapons
 c - a +4 scimitar of flaming
 s - the +1 sword of Power (weapon)
   (Okawaru gifted it to you on level 3 of the Lair of Beasts)
Missiles
 d - 6 throwing nets
 q - 7 javelins (quivered)
Armour
 m - a +2 pair of boots (worn)
 p - the +0 pair of gloves of Nudaletzam (worn) {-Cast rPois rF+++ Dex+3}
   (Okawaru gifted it to you on level 6 of the Lair of Beasts)

   It affects your dexterity (+3).
   It renders you almost immune to fire.
   It protects you from poison.
   It prevents spellcasting.
 D - a +2 cloak (worn)
 H - a +0 crystal plate armour (worn)
 J - a +1 ring mail of cold resistance
Jewellery
 b - an amulet of faith (around neck)
 o - a ring of see invisible (right hand)
 K - an uncursed ring of poison resistance
 N - a ring of protection from cold (left hand)
Wands
 a - a wand of acid (4/15)
 e - a wand of paralysis (0/24)
 g - a wand of lightning (1/15)
 i - a wand of confusion (22/48)
 r - a wand of flame (31/48)
 x - a wand of enslavement (7/24)
 A - a wand of acid (0/15)
 E - a wand of digging (7/24)
 R - a wand of flame (21/48)
Scrolls
 h - 3 scrolls of blinking
 l - 5 scrolls of remove curse
 y - 11 scrolls of teleportation
 F - a scroll of holy word
 O - 2 scrolls of magic mapping
Potions
 j - 2 potions of flight
 k - 2 potions of agility
 t - a potion of invisibility
 z - 11 potions of curing
 C - 2 potions of cancellation
 I - 3 potions of haste
Comestibles
 f - 5 chunks of flesh
 u - 15 royal jellies
 B - 30 fruits
 G - a meat ration


   Skills:
 * Level 16.3 Fighting
 - Level 16.7 Long Blades
 - Level 2.0 Throwing
 - Level 12.2 Armour
 - Level 6.0 Dodging
 - Level 10.0 Invocations
 - Level 1.7 Evocations


You had 13 spell levels left.
You didn't know any spells.

Dungeon Overview and Level Annotations

Branches:
Dungeon (12/15)            Temple (1/1) D:4            Lair (6/6) D:8
  Swamp (0/4) Lair:2        Snake (0/4) Lair:2          Orc (2/2) D:12
    Elf (0/3) Orc:2
  Slime: Lair:5-6

Altars:
Ashenzari
Cheibriados
Dithmenos
Elyvilon
Fedhas
Gozag
Hepliaklqana
Kikubaaqudgha
Makhleb
Okawaru
Qazlal
Ru
Sif Muna
Trog
Uskayaw
Vehumet
Xom
Zin
Beogh

Shops:
D:5 %

Portals:
Trove: D:12 (show slimy rune of Zot)

Annotations:
Lair:4 exclusion: 4 oklob plants
Lair:5 exclusion: 2 oklob plants


Innate Abilities, Weirdness & Mutations

You reflexively headbutt those who attack you in melee.
You have a pair of large horns on your head.
Your mind is acute. (Int +2)
Your flesh is heat resistant. (rF+)


Message History

The orc sorcerer hits you but does no damage.
The orc hits you but does no damage.
You are feeling hungry.
The orc knight hits you with a dire flail!
* * * LOW HITPOINT WARNING * * *
The orc sorcerer hits you but does no damage.
The orc hits you but does no damage.
The orc shouts!
The orc knight barely misses you.
The orc sorcerer hits you but does no damage.
The orc hits you but does no damage.
The orc knight hits you with a dire flail.
* * * LOW HITPOINT WARNING * * *
The orc sorcerer casts a spell.
The orc hits you but does no damage.
You can move again.
You feel much better. The orc sorcerer closely misses you.
The orc hits you but does no damage.
The orc knight hits you with a dire flail!!!
You die...

...## # ###### ##.....
..#.#..##.#.....
.............# ##. O
..........########... ...
#......###.#.##.....
.3..##.ooo...#...........
._..o.Oo@)...........#...
....$.†)#(...............
o....#4†##.......).......
.........##......))......
.##.....####.#....))))...
##....# #........<.)...
...... ##.......).)...
##.##.# ###.......)... .#
### #......#....


You could see an orc knight, a soul eater, an orange demon, 2 orc sorcerers, an
ogre and 2 orcs.

Vanquished Creatures
  A dire elephant (Lair:6)
  The ghost of bgiannan the Protected, a journeyman MiBe of Trog (Lair:3)
  2 hydras
  A catoblepas (Lair:6)
  A dancing weapon (Orc:1)
  Erica (Lair:2)
  5 two-headed ogres
  3 death yaks (Lair:6)
  A deep troll shaman (Lair:6)
  Urug (Orc:1)
  An orc high priest (Orc:2)
  A lindwurm (Lair:6)
  Pikel (D:7)
  3 orc knights
  An ugly thing (D:12)
  A manticore (D:12)
  2 oklob plants (D:8)
  4 cyclopes
  14 elephants (Lair:6)
  Maurice (D:9)
  A torpor snail (Lair:5)
  7 spiny frogs
  2 black mambas
  4 komodo dragons
  A rime drake (Lair:2)
  4 trolls
  4 polar bears
  3 slime creatures (D:12)
  Grinder (D:3)
  Prince Ribbit (D:5)
  3 hornets (D:8)
  8 hippogriffs
  13 blink frogs
  A shadow (D:11)
  2 vampires (D:11)
  A fire elemental (Lair:5)
  27 yaks
  2 wyverns
  2 basilisks
  2 hungry ghosts
  A steam dragon (D:11)
  3 wargs
  An acid dragon (D:12)
  4 porcupines
  16 water moccasins
  A swamp drake (Lair:2)
  4 black bears
  A sky beast (D:4)
  21 orc warriors
  2 necrophages
  A slave (D:7)
  18 ogres
  5 ice beasts
  An eye of draining (D:10)
  17 wolves
  7 centaurs
  2 phantoms
  10 crocodiles
  18 bullfrogs
  9 gnoll sergeants
  A water moccasin zombie (D:9)
  6 scorpions
  13 killer bees
  3 howler monkeys
  2 electric eels
  5 crimson imps
  3 centaur zombies
  A quasit (D:4)
  2 bullfrog zombies
  20 orc wizards
  A bullfrog skeleton (D:8)
  4 hounds
  Crazy Yiuf (D:5)
  6 gnoll shamans (Bailey)
  15 orc priests
  4 jellies
  2 centaur skeletons
  9 iguanas
  6 worker ants
  A hound zombie (D:5)
  A hound skeleton (D:11)
  17 gnolls
  12 adders
  3 shadow imps
  An adder zombie (D:8)
  2 adder skeletons
  4 worms
  2 dart slugs
  2 leopard geckos
  72 orcs
  A ball python (D:2)
  2 bats
  4 giant cockroaches
  10 goblins
  5 hobgoblins
  10 jackals
  14 kobolds
  7 quokkas
  4 frilled lizards
  A leopard gecko skeleton (D:4)
  5 rats
  A plant (Lair:3)
562 creatures vanquished.

Vanquished Creatures (collateral kills)
  A troll (Orc:2)
  2 ogres (Orc:2)
  An electric eel (Lair:5)
  3 orcs (Orc:2)
7 creatures vanquished.

Vanquished Creatures (others)
  A wizard (D:4)
  2 slaves (D:7)
  2 orc warriors (Orc:2)
  An orc (D:11)
  A fungus (Lair:5)
  10 plants
17 creatures vanquished.

Grand Total: 586 creatures vanquished

Notes
Turn   | Place    | Note
-------+----------+-------------------------------------------
     0 | D:1      | drowoverlord the Minotaur Gladiator began the quest for the Orb.
     0 | D:1      | Reached XP level 1. HP: 18/18 MP: 0/0
   423 | D:1      | Reached XP level 2. HP: 25/25 MP: 1/1
   732 | D:2      | Reached XP level 3. HP: 30/31 MP: 2/2
  1259 | D:3      | Reached XP level 4. HP: 29/40 MP: 3/3
  1317 | D:3      | Reached skill level 5 in Long Blades
  1331 | D:3      | Noticed Grinder
  1331 | D:3      | Paralysed by Grinder for 5 turns
  1375 | D:3      | Paralysed by Grinder for 7 turns
  1385 | D:3      | Killed Grinder
  1385 | D:3      | Reached skill level 5 in Fighting
  1385 | D:3      | Reached XP level 5. HP: 4/50 MP: 4/4
  1385 | D:3      | Reached XP level 6. HP: 5/57 MP: 5/5
  2580 | D:4      | Found a staircase to the Ecumenical Temple.
  2589 | Temple   | Entered the Ecumenical Temple
  2661 | Temple   | Became a worshipper of Warmaster Okawaru
  2692 | D:4      | Noticed a sky beast
  2700 | D:4      | Reached skill level 1 in Armour
  2710 | D:4      | Reached XP level 7. HP: 52/64 MP: 6/6
  2727 | D:4      | Gained mutation: Potions are less effective at restoring your health. [mutagenic meat]
  2728 | D:4      | Gained mutation: Your skin changes colour to match your surroundings (Stealth+). [mutagenic meat]
  2729 | D:4      | Gained mutation: You possess an exceptional clarity of mind. [mutagenic meat]
  2975 | D:4      | Reached * piety under Okawaru
  2990 | D:4      | Reached skill level 1 in Invocations
  3354 | D:4      | Found a bloodstained altar of Trog.
  3355 | D:4      | Noticed a wizard
  3360 | D:4      | Killed a wizard
  3462 | D:5      | Entered Level 5 of the Dungeon
  3510 | D:5      | Found Roimit's Food Shop.
  3580 | D:5      | Noticed Prince Ribbit
  3585 | D:5      | Killed Prince Ribbit
  3585 | D:5      | Reached ** piety under Okawaru
  3585 | D:5      | Reached XP level 8. HP: 44/71 MP: 8/10
  4295 | D:5      | Found a runed door.
  4299 | D:5      | Noticed Crazy Yiuf
  4307 | D:5      | Killed Crazy Yiuf
  4320 | D:5      | Lost mutation: You possess an exceptional clarity of mind. [potion of mutation]
  4320 | D:5      | Lost mutation: Your skin changes colour to match your surroundings (Stealth+). [potion of mutation]
  4320 | D:5      | Lost mutation: Potions are less effective at restoring your health. [potion of mutation]
  4320 | D:5      | Gained mutation: You are agile. (Dex +2) [potion of mutation]
  4320 | D:5      | Gained mutation: You expend magic power (3 MP) to strengthen your wands. [potion of mutation]
  4320 | D:5      | Gained mutation: You have a pair of large horns on your head. [potion of mutation]
  4320 | D:5      | Gained mutation: You have a beak for a mouth. [potion of mutation]
  4363 | D:6      | Found a shattered altar of Ashenzari.
  4382 | D:6      | Found an opulent altar of Gozag.
  4382 | D:6      | Found a hide-covered altar of Uskayaw.
  4384 | D:6      | Found a hide-covered altar of Uskayaw.
  4384 | D:6      | Found a hazy altar of Hepliaklqana.
  4384 | D:6      | Found a shimmering altar of Xom.
  4390 | D:6      | Reached *** piety under Okawaru
  4501 | D:6      | Reached skill level 5 in Invocations
  4552 | D:6      | Reached skill level 10 in Long Blades
  4670 | D:6      | Reached XP level 9. HP: 73/78 MP: 12/12
  4688 | D:6      | Noticed a two-headed ogre
  4695 | D:6      | Killed a two-headed ogre
  4695 | D:6      | Reached **** piety under Okawaru
  4695 | D:6      | Reached skill level 5 in Armour
  5117 | D:7      | Noticed Pikel
  5118 | D:7      | Reached ***** piety under Okawaru
  5137 | D:7      | Killed Pikel
  5137 | D:7      | Reached skill level 5 in Dodging
  5171 | D:7      | Reached XP level 10. HP: 50/84 MP: 13/13
  5374 | D:7      | Received a gift from Okawaru
  5604 | D:8      | Found a staircase to the Lair.
  6235 | D:8      | Found a blossoming altar of Fedhas.
  6237 | D:8      | Noticed an oklob plant
  6237 | D:8      | Noticed an oklob plant
  6250 | D:8      | Killed an oklob plant
  6259 | D:8      | Killed an oklob plant
  6259 | D:8      | Reached skill level 10 in Armour
  6383 | D:9      | Noticed Maurice
  6391 | D:9      | Killed Maurice
  6778 | D:10     | Entered Level 10 of the Dungeon
  6899 | D:10     | Found a blossoming altar of Fedhas.
  7198 | D:10     | Reached XP level 11. HP: 89/91 MP: 14/14
  7246 | D:10     | Noticed a two-headed ogre
  7252 | D:10     | Killed a two-headed ogre
  7252 | D:10     | Reached ****** piety under Okawaru
  7302 | D:10     | Received a gift from Okawaru
  7687 | D:11     | Noticed a two-headed ogre
  7693 | D:11     | Killed a two-headed ogre
  7736 | D:11     | Found a flagged portal.
  7747 | Bailey   | Entered a bailey
  7922 | Bailey   | Received a gift from Okawaru
  9426 | D:12     | Received a gift from Okawaru
  9524 | D:12     | Cast into level 3 of the Abyss (a distortion unwield)
  9538 | D:12     | Escaped the Abyss
  9545 | D:12     | Found a portal to a secret trove of treasure.
  9554 | D:12     | Noticed a two-headed ogre
  9561 | D:12     | Killed a two-headed ogre
  9591 | D:12     | Reached XP level 12. HP: 80/97 MP: 17/17
  9602 | D:12     | Reached skill level 15 in Long Blades
  9603 | D:12     | HP: 3/97 [slime creature (8)]
 10029 | D:12     | Found a staircase to the Orcish Mines.
 10046 | D:12     | Found a roughly hewn altar of Beogh.
 10052 | D:12     | Received a gift from Okawaru
 10310 | Lair:1   | Entered Level 1 of the Lair of Beasts
 10659 | Lair:1   | Received a gift from Okawaru
 10826 | Lair:1   | Noticed a four-headed hydra
 10835 | Lair:1   | Killed a nine-headed hydra
 11180 | Lair:2   | Reached skill level 10 in Invocations
 11322 | Lair:2   | Lost mutation: You expend magic power (3 MP) to strengthen your wands. [potion of mutation]
 11322 | Lair:2   | Lost mutation: You are agile. (Dex +2) [potion of mutation]
 11322 | Lair:2   | Lost mutation: You have a pair of large horns on your head. [potion of mutation]
 11322 | Lair:2   | Gained mutation: You expend magic power (3 MP) to strengthen your wands. [potion of mutation]
 11322 | Lair:2   | Gained mutation: You are surrounded by a mild repulsion field. (EV +2) [potion of mutation]
 11322 | Lair:2   | Gained mutation: You are resistant to hostile enchantments. (MR+) [potion of mutation]
 11322 | Lair:2   | Gained mutation: Your mind is acute. (Int +2) [potion of mutation]
 11351 | Lair:2   | Found a staircase to the Snake Pit.
 11449 | Lair:2   | Found a staircase to the Swamp.
 11451 | Lair:2   | Noticed Erica
 11466 | Lair:2   | Killed Erica
 11858 | Lair:3   | Lost mutation: You expend magic power (3 MP) to strengthen your wands. [potion of mutation]
 11858 | Lair:3   | Lost mutation: You are surrounded by a mild repulsion field. (EV +2) [potion of mutation]
 11858 | Lair:3   | Lost mutation: You are resistant to hostile enchantments. (MR+) [potion of mutation]
 11858 | Lair:3   | Lost mutation: You have a beak for a mouth. [potion of mutation]
 11858 | Lair:3   | Gained mutation: Your mind is very acute. (Int +4) [potion of mutation]
 11858 | Lair:3   | Gained mutation: You have a pair of large horns on your head. [potion of mutation]
 11858 | Lair:3   | Lost mutation: Your mind is very acute. (Int +4) [potion of mutation]
 11858 | Lair:3   | Gained mutation: Your flesh is heat resistant. (rF+) [potion of mutation]
 11919 | Lair:3   | Noticed bgiannan's ghost (journeyman MiBe)
 11930 | Lair:3   | Killed bgiannan's ghost
 12017 | Lair:3   | Reached skill level 1 in Evocations
 12176 | Lair:3   | Received a gift from Okawaru
 12219 | Lair:3   | Reached XP level 13. HP: 96/107 MP: 19/19
 13302 | Lair:4   | Reached skill level 10 in Fighting
 13343 | Lair:4   | Received a gift from Okawaru
 13818 | Lair:5   | Got a faintly humming chain mail
 13894 | Lair:5   | Identified the +1 chain mail "Eryng" {MR+} (You found it on level 5 of the Lair of Beasts)
 14856 | Lair:6   | Entered Level 6 of the Lair of Beasts
 15092 | Lair:6   | Found a shadowy altar of Dithmenos.
 15243 | Lair:6   | Received a gift from Okawaru
 15244 | Lair:6   | Got a pair of heavily runed gloves {god gift}
 15255 | Lair:6   | Identified the +0 pair of gloves of Nudaletzam {-Cast rPois rF+++ Dex+3} (Okawaru gifted it to you on level 6 of the Lair of Beasts)
 15715 | Lair:6   | Noticed a dire elephant
 15733 | Lair:6   | Killed a dire elephant
 15733 | Lair:6   | Reached XP level 14. HP: 63/133 MP: 17/20
 16010 | Lair:6   | Got a fine double sword
 16024 | Lair:6   | Identified the +7 double sword "Blob" {slice, rElec rF++ rC+ Str-4} (You found it on level 6 of the Lair of Beasts)
 16359 | Orc:1    | Entered Level 1 of the Orcish Mines
 16368 | Orc:1    | Noticed Urug
 16379 | Orc:1    | Killed Urug
 16379 | Orc:1    | Reached skill level 15 in Fighting
 16791 | Orc:2    | Entered Level 2 of the Orcish Mines
 16803 | Orc:2    | Found a staircase to the Elven Halls.
 17144 | Orc:2    | Received a gift from Okawaru
 17393 | Orc:2    | Found a roughly hewn altar of Beogh.
 17438 | Orc:2    | Paralysed by an orc sorcerer for 5 turns
 17441 | Orc:2    | HP: 5/138 [orc knight/dire flail (17)]
 17443 | Orc:2    | HP: 2/138 [orc knight/dire flail (4)]
 17444 | Orc:2    | Demolished by an orc knight

Skill      XL: |  1  2  3  4  5  6  7  8  9 10 11 12 13 14 |
---------------+-------------------------------------------+-----
Long Blades    | 4 6 7 8 10 12 14 16 | 16.7
Fighting       | 3 4 5 6 8 14 16 | 16.3
Armour         | 2 3 5 11 12 | 12.2
Invocations    | 4 6 8 10 | 10.0
Dodging        | 5 6 |  6.0
Evocations     | 1 |  1.7
Throwing       | |  2.0

Action                   |  1- 3 |  4- 6 |  7- 9 | 10-12 | 13-15 || total
-------------------------+-------+-------+-------+-------+-------++-------
Melee: Long sword        |    65 |    70 |   200 |     7 |       ||   342
       Headbutt          |    10 |    16 |    39 |   171 |   117 ||   353
       Peck              |       |       |    31 |   160 |       ||   191
       Punch             |       |       |     1 |       |       ||     1
       Great sword       |       |       |       |   307 |   471 ||   778
       Double sword      |       |       |       |   375 |     3 ||   378
Throw: Javelin           |     2 |    15 |    28 |    32 |    32 ||   109
       Throwing net      |       |     2 |     3 |     2 |     1 ||     8
Invok: Heroism           |       |       |     4 |     6 |     3 ||    13
Evoke: Wand              |       |       |       |     7 |    21 ||    28
  Use: Scroll            |     1 |     1 |     4 |    19 |     9 ||    34
       Potion            |       |     2 |     1 |     5 |     3 ||    11
 Stab: Held in net/web   |       |       |     2 |       |       ||     2
       Sleeping          |       |       |     1 |       |       ||     1
       Confused          |       |       |       |     2 |    11 ||    13
       Petrified         |       |       |       |       |     2 ||     2
       Invisible         |       |       |       |       |     1 ||     1
       Petrifying        |       |       |       |       |     1 ||     1
  Eat: Fruit             |     1 |       |       |     5 |    13 ||    19
       Chunk             |       |     4 |    11 |    18 |     1 ||    34
       Bread ration      |       |       |       |     1 |     1 ||     2
Armor: Ring mail         |    24 |    30 |    16 |       |       ||    70
       Leather armour    |     1 |       |       |       |       ||     1
       Chain mail        |       |       |    69 |     4 |       ||    73
       Crystal plate arm |       |       |       |   577 |   442 ||  1019
Dodge: Dodged            |    47 |    32 |    96 |   262 |   202 ||   639
       Rpst.: Long sword |    12 |     7 |    22 |       |       ||    41
       Great sword       |       |       |       |    31 |    37 ||    68
       Double sword      |       |       |       |    37 |       ||    37
